 Dungeon Crawl Stone Soup version 0.27.0-1-g7a089689b8 (webtiles) character file.

Game seed: 9157991929836856581

6 tilp the Skirmisher (level 1, -5/24 HPs)
             Began as an Ogre Delver on Aug 6, 2021.
             Slain by an orc (6 damage)
             ... on level 5 of the Dungeon.
             The game lasted 00:01:00 (257 turns).

tilp the Skirmisher (Ogre Delver)                    Turns: 257, Time: 00:01:00

Health: -5/24      AC:  3    Str: 15    XL:     1   Next: 90%
Magic:  1/1        EV:  9    Int: 11    God:
Gold:   0          SH:  0    Dex: 10    Spells: 0/0 levels left

rFire    . . .     SeeInvis .   a - +0 mace
rCold    . . .     Faith    .   (no shield)
rNeg     . . .     Spirit   .   b - +0 robe
rPois    .         Reflect  .   (helmet restricted)
rElec    .         Harm     .   (no cloak)
rCorr    .         Rampage  .   (gloves unavailable)
Will     .....                  (boots unavailable)
Stlth    ++........             (no amulet)
HPRegen  0.08/turn              (no ring)
MPRegen  0.07/turn              (no ring)

@: lethally poisoned (-5 -> -10), flying
A: large, unfitting armour, tough skin 1
a: no special abilities


You were on level 5 of the Dungeon.
You visited 1 branch of the dungeon, and saw 1 of its levels.

Inventory:

Hand Weapons
 a - a +0 mace (weapon)
Armour
 b - a +0 robe (worn)
Wands
 g - a wand of digging (3)
Scrolls
 c - a scroll of fog
 e - a scroll of fear
 i - a scroll of identify {unknown}
Potions
 f - a potion of haste


   Skills:
 - Level 4.0 Fighting
 + Level 2.3 Maces & Flails
 - Level 1.7 Dodging
 - Level 3.7 Stealth


You couldn't memorise any spells.
You didn't know any spells.
Your spell library contained the following spells:

 Spells                   Type           Power      Damage    Failure   Level
 Conjure Flame            Conj/Fire      0%         6-21      71%         3
 Ignite Poison            Fire/Tmut/Pois 0%         N/A       71%         3
 Sticky Flame             Conj/Fire      0%         2d3       98%         4


Dungeon Overview and Level Annotations

Branches:
Dungeon (5/15)
 Temple: D:4-7

Altars:
Cheibriados


Innate Abilities, Weirdness & Mutations

You are too large for most types of armour.
You have tough skin. (AC +1)


Message History

Found a scroll labelled CEW FEPOTETO QAMOS.
You hit the orc.
The orc is heavily wounded.
The orc barely misses you.
You closely miss the orc.
The orc is heavily wounded.
You hit the orc but do no damage. The orc hits you but does no damage.
You hit the orc but do no damage. The orc hits you with a +0 hand axe.
You hit the orc.
The orc is heavily wounded.
You hit the orc but do no damage. The orc hits you with a +0 hand axe.
The orc barely misses you. The orc hits you with a +0 hand axe.
You hit the orc.
You kill the orc!
You completely miss the orc.
The orc is heavily wounded.
The orc hits you with a +0 hand axe. x2
You sock the orc!
You kill the orc!
The orc closely misses you.
You hit the orc but do no damage.
The orc hits you with a +2 short sword of venom.
* * * LOW HITPOINT WARNING * * *
You are lethally poisoned!
Unknown command.
It was a potion of flight.
You feel very buoyant.
You fly up into the air.
* * * LOW HITPOINT WARNING * * *
You feel very sick. The orc barely misses you.
Unknown command.
Unknown command.
Unknown command.
* * * LOW HITPOINT WARNING * * *
You feel sick. The orc barely misses you.
* * * LOW HITPOINT WARNING * * *
You feel sick.
The orc hits you with a +2 short sword of venom.
You die...

#### #.#####...o<,,**,,,,* #
##.# *,..,,,,,,,,,,,*
########..####.#********,,,,*
##...#.........# *,,,,*
##...#.####.#### ******
##.>.)># #.# ##...### #)#
##...# #.########
>##########.....@o.#
.......[........##.#**
###############......#
#####<.#* *.?.#*****
*.....,,,* **#####***


You could see an orc.

Vanquished Creatures
  3 orcs (D:5)
3 creatures vanquished.

Notes
Turn   | Place    | Note
-------+----------+-------------------------------------------
     0 | D:5      | tilp the Ogre Delver began the quest for the Orb.
     0 | D:5      | Reached XP level 1. HP: 24/24 MP: 1/1
   220 | D:5      | Found a snail-covered altar of Cheibriados.
   257 | D:5      | HP: 1/24 [poisoned by an orc]
   257 | D:5      | Slain by an orc

Illustrated notes

Levels and vault maps discovered:
D:5:      lemuel_ratsnest, layout_rooms, cheibriados_altar_1

Skill      XL: |  1 |
---------------+----+-----
Maces & Flails | 2 |  2.3
Fighting       | |  4.0
Dodging        | |  1.7
Stealth        | |  3.7

Action                   || total
-------------------------++-------
Melee: Mace              ||    14
  Use: Scroll            ||     1
       Potion            ||     1
Armor: Robe              ||     1
Dodge: Dodged            ||     7
